 Dungeon Crawl Stone Soup version 0.31-a0-978-g1e143483b6 (webtiles) character file.

Game seed: 6458469437752292697

19 javelincjr the Ruffian (level 2, -3/23 HPs)
             Began as a Demonspawn Shapeshifter on Oct 30, 2023.
             Slain by Sigmund
             ... wielding a +0 scythe
              (4 damage)
             ... on level 2 of the Dungeon.
             The game lasted 00:02:51 (759 turns).

javelincjr the Ruffian (Demonspawn Shapeshifter)     Turns: 759, Time: 00:02:51

Health: -3/23      AC:  8    Str: 12 (14) XL:     2   Next: 55%
Magic:  2/2        EV:  6    Int:  9 (11) God:
Gold:   38         SH:  0    Dex: 10 (12) Spells: 1/1 levels left

rFire   + .          .
                       - Unarmed
rCold   + . .        (no shield)
rNeg    . . .        h - +0 chain mail
rPois   +            (helmet currently unavailable)
rElec   +            (cloak currently unavailable)
rCorr   +            (gloves currently unavailable)
SInv    .            (boots currently unavailable)
Will    .....        (no amulet) Stlth
                     (no ring)
HPRegen 0.23/turn    (no ring)
MPRegen 0.08/turn

%: no passive effects
@: confused, brilliant, beast-form, resistant
A: beast (slay +1), spiny 1, robust 1
a: Begin Untransformation


You were on level 2 of the Dungeon.
You were a hulking beast.
You visited 1 branch of the dungeon, and saw 2 of its levels.

You collected 38 gold pieces.

Inventory:

Armour
 a - a +0 animal skin
 h - a +0 chain mail (worn)
Jewellery
 l - a ring of ice
Talismans
 c - a beast talisman
 d - a flux talisman
Scrolls
 g - a scroll of teleportation {unknown}
 i - a scroll of enchant weapon {unknown}
 m - a scroll of silence {unknown}
Potions
 b - a potion of lignification
 f - a potion of brilliance


   Skills:
 + Level 1.4 Fighting
 + Level 2.1 Dodging
 + Level 2.9 Unarmed Combat
 + Level 2.9 Shapeshifting


You had one spell level left.
You didn't know any spells.
Your spell library was empty.

Dungeon Overview and Level Annotations

Branches:
Dungeon (2/15)

Altars:

Annotations:
D:2 Sigmund


Innate Abilities, Weirdness & Mutations

You are a hulking beast.
Your limbs bulge with bestial killing power. (Slay +1)
You are partially covered in sharp spines.
You are robust. (+10% HP)


Message History

It was a potion of brilliance.
You feel clever all of a sudden.
Sigmund says, "Don't worry, I'll kill you fast."
It was a potion of mutation.
You feel extremely strange.
You feel robust.
Okay, then.
It was a potion of curing.
You feel better. Sigmund is struck by your spines.
Sigmund hits you with a +0 scythe.
You hit Sigmund but do no damage.
Sigmund is lightly wounded.
You hit Sigmund.
Sigmund is lightly wounded.
Sigmund casts a spell.
Sigmund flickers and vanishes!
Deactivating autopickup; reactivate with Ctrl-A.
You barely miss something. Something hits you.
You miss something. You closely miss something. Something hits you.
You barely miss something. Something hits you.
You barely miss something. Your punch misses something. You hit something.
Something hits you but does no damage.
You hit something. Something hits you but does no damage.
You closely miss something. You hit something.
You hear some strange, mumbled words.
A puff of flame appears from out of thin air!
The puff of flame hits you.
* * * LOW HITPOINT WARNING * * *
You closely miss something.
You hear some strange, mumbled words.
You are confused.
You bump into the rock wall.
You hear some strange, mumbled words.
A magic dart appears from out of thin air!
The magic dart hits you.
* * * LOW HITPOINT WARNING * * *
It was a potion of resistance.
You feel protected. Something hits you.
You die...

## #. ?. ##.
#?.
#..############
#..<....{h....#
#..##########.#
...>. ##....
#.... #....
#.@.. #....


There were no monsters in sight!

Vanquished Creatures
  A dart slug (D:1)
  A bat (D:1)
  3 goblins (D:1)
  3 jackals (D:1)
  2 ball pythons (D:1)
  6 frilled lizards
  A rat (D:1)
17 creatures vanquished.

Notes
Turn   | Place    | Note
-------+----------+-------------------------------------------
     0 | D:1      | javelincjr the Demonspawn Shapeshifter began the quest for
                  | the Orb.
     0 | D:1      | Reached XP level 1. HP: 15/15 MP: 1/1
   246 | D:1      | Gained mutation: You are partially covered in sharp spines.
                  | [demonic ancestry]
   246 | D:1      | Reached XP level 2. HP: 20/21 MP: 2/2
   323 | D:1      | Found a faded altar of an unknown god.
   733 | D:2      | Noticed Sigmund
   743 | D:2      | Gained mutation: You are robust. (+10% HP) [potion of
                  | mutation]
   758 | D:2      | HP: 1/23 [something/magic dart (5)]
   759 | D:2      | Slain by Sigmund

Illustrated notes

Levels and vault maps discovered:
D:1:      nzn_arrival_settlement, layout_loops_ring, basic_ecumenical_altar
D:2:      layout_basic, uniq_sigmund

Skill      XL: |  1 |
---------------+----+-----
Dodging        | 2 |  2.1
Fighting       | |  1.4
Unarmed Combat | |  2.9
Shapeshifting  | |  2.9

Action                     || total
---------------------------++-------
  Melee: Unarmed           ||    49
    Use: Potion            ||     5
 Armour: Animal skin       ||     9
         Chain mail        ||    16
  Dodge: Dodged            ||    19

Table legend: (Time is in decaauts)
 A = Elapsed time spent in this place.
 B = Non-inter-level travel time spent in this place.
 C = Inter-level travel time spent in this place.
 D = Time resting spent in this place.
 E = Time spent auto-exploring this place.
 F = Levels seen in this place.
 G = Mean time per level.
                   A        B        C        D        E       F      G
               +--------+--------+--------+--------+--------+-----+--------+
         Total |    756 |    732 |     24 |      0 |    563 |   2 |  378.0 |
       Dungeon |    756 |    732 |     24 |      0 |    563 |   2 |  378.0 |
               +--------+--------+--------+--------+--------+-----+--------+

Top non-repeatable levels by time:
     D:1: 731 daAuts
     D:2: 25 daAuts
